AoeStats
← TigerGecko

QS Arena

503734959Analyzed
4v4 RM · 1mo ago on Sep 2, 2026· 37m 41s· 8 players
Game mode
Random Map
Map size
Large (8 player)
Population
200
Speed
Normal
Resources
Standard
Victory
Conquest
Starting age
Dark Age
Ending age
Imperial Age
RankedLock teamsTeams togetherTeam positionsShared explorationLock speedFull tech treeHidden civsTurbo modeCheats
Victory
Defeat
🇨🇦 Maya · Canada
1495
+12
🇺🇸 Bengalis · United States
1445
+14
🇦🇷 Jurchens · Argentina
1439
+15
🇺🇸 Persians · United States
1405
+16
🇻🇳 Spanish · Vietnam
1474
-17
🇺🇸 Muisca · United States
1454
-16
🇩🇪 Ethiopians · Germany
1388
-13
🇺🇸 Malians · United States
1329
-11
Alt+F4 | Haise
2:41 Loom
9:32 Feudal Age
13:04 Castle Age
11:11 Double-Bit Axe
11:15 Horse Collar
15:26 Wheelbarrow
15:26 Bow Saw
15:26 Town Watch
18:31 Gold Mining
23:42 Bloodlines
26:28 Imperial Age
25:00 Hand Cart
25:10 Bloodlines
25:41 Scale Barding Armor
26:07 Husbandry
26:54 Forging
27:45 Chain Barding Armor
27:40 Heavy Plow
28:40 Iron Casting
29:08 Conscription
29:46 Plate Barding Armor
30:56 Elite Battle Elephant
31:46 Paiks
33:20 Blast Furnace
34:06 Fletching
36:59 Bodkin Arrow
37:04 Padded Archer Armor
37:29 Ballistics
38:09 Chemistry
Smoochy
7:49 Feudal Age
11:54 Castle Age
10:22 Horse Collar
13:02 Double-Bit Axe
14:09 Bow Saw
17:43 Gold Mining
17:50 Loom
21:38 Wheelbarrow
22:39 Gold Shaft Mining
22:39 Stone Mining
23:51 Hand Cart
23:55 Scale Barding Armor
25:14 Bloodlines
25:24 Husbandry
26:04 Chain Barding Armor
28:59 Imperial Age
27:29 Forging
29:07 Stone Shaft Mining
28:43 Cavalier
30:00 Plate Barding Armor
29:17 Town Watch
29:52 Heavy Plow
30:56 Two-Man Saw
29:45 Light Cavalry
30:38 Savar
31:13 Hussar
33:30 Conscription
33:50 Iron Casting
34:18 Chemistry
33:39 Ballistics
35:53 Crop Rotation
37:09 Guilds
Alt + F4 | UncleJack
8:14 Feudal Age
11:53 Castle Age
10:26 Double-Bit Axe
10:52 Horse Collar
15:01 Fletching
18:18 Loom
20:49 Bow Saw
21:46 Wheelbarrow
28:18 Imperial Age
26:51 Bodkin Arrow
28:07 Ballistics
28:16 Padded Archer Armor
29:00 Bracer
30:40 Chemistry
30:02 Thumb Ring
31:13 Elite Plumed Archer
32:30 Town Watch
34:33 Squires
34:53 Scale Mail Armor
37:56 Chain Mail Armor
38:18 Leather Archer Armor
Sick Porky Stoner
8:07 Feudal Age
11:38 Castle Age
9:41 Horse Collar
10:13 Double-Bit Axe
15:49 Loom
17:07 Loom
18:16 Bow Saw
19:59 Wheelbarrow
20:33 Heavy Plow
25:11 Imperial Age
23:45 Siege Engineers
23:43 Padded Archer Armor
24:26 Gold Mining
25:16 Leather Archer Armor
25:14 Masonry
25:51 Gold Shaft Mining
27:07 Chemistry
29:29 Thunderclap Bombs
29:56 Devotion
30:15 Fletching
37:41 Scale Barding Armor
37:47 Forging
38:00 Conscription
38:37 Ballistics
frivolous spender
7:51 Feudal Age
9:01 Double-Bit Axe
13:06 Castle Age
11:50 Horse Collar
14:14 Bow Saw
15:20 Heavy Plow
16:46 Gold Mining
16:43 Town Watch
17:34 Wheelbarrow
17:28 Scale Mail Armor
17:52 Man-at-Arms
18:53 Long Swordsman
21:10 Arson
21:27 Scale Mail Armor
26:07 Imperial Age
24:02 Chain Mail Armor
23:58 Forging
23:39 Arson
26:16 Two-Handed Swordsman
27:56 Forging
29:20 Iron Casting
29:44 Plate Mail Armor
29:46 Champion
33:34 Squires
35:10 Heavy Camel Rider
36:01 Scale Barding Armor
36:09 Bloodlines
38:23 Chain Barding Armor
Chase_The_Dragon
3:58 Loom
8:23 Feudal Age
8:53 Double-Bit Axe
8:51 Horse Collar
10:03 Loom
14:16 Castle Age
13:15 Stone Mining
13:17 Gold Mining
13:49 Town Watch
16:20 Stone Shaft Mining
18:06 Fletching
19:21 Ballistics
19:27 Padded Archer Armor
20:07 Bodkin Arrow
21:19 Leather Archer Armor
31:00 Imperial Age
29:25 Gold Shaft Mining
29:22 Bow Saw
29:14 Heavy Plow
30:13 Masonry
31:02 Murder Holes
32:12 Conscription
31:23 Elite Temple Guard
32:28 Scale Mail Armor
32:38 Forging
34:26 Chain Mail Armor
34:46 Iron Casting
35:49 Squires
36:41 Plate Mail Armor
TigerGecko
7:58 Feudal Age
11:41 Castle Age
9:51 Horse Collar
10:18 Double-Bit Axe
12:51 Bow Saw
12:45 Heavy Plow
19:34 Wheelbarrow
19:18 Town Watch
21:46 Hand Cart
25:55 Imperial Age
23:20 Loom
24:08 Scale Mail Armor
24:18 Forging
25:16 Masonry
25:28 Ballistics
25:49 Chain Mail Armor
26:11 Squires
25:57 Arson
27:36 Chemistry
27:16 Architecture
26:51 Siege Engineers
27:16 Conscription
27:45 Fletching
28:35 Bodkin Arrow
30:59 Plate Mail Armor
31:04 Iron Casting
32:42 Iron Casting
33:30 Torsion Engines
35:40 Halberdier
36:42 Bracer
NPChinh
8:55 Feudal Age
9:50 Double-Bit Axe
13:24 Castle Age
11:38 Horse Collar
14:40 Bow Saw
14:33 Loom
16:08 Heavy Plow
18:11 Stone Mining
18:43 Sanctity
18:42 Gold Mining
20:02 Fervor
20:51 Atonement
23:02 Redemption
24:13 Wheelbarrow
26:40 Imperial Age
26:53 Padded Archer Armor
27:42 Block Printing
27:55 Illumination
28:15 Theocracy
28:44 Two-Man Saw
28:53 Inquisition
29:17 Conscription
29:42 Hand Cart
33:33 Coinage
34:15 Hoardings
34:18 Stone Shaft Mining
33:21 Elite Conquistador
34:24 Leather Archer Armor
35:48 Ring Archer Armor
35:20 Caravan
35:53 Banking
Connection lost

Rejoining the realm…

Still unreachable

The connection could not be restored.

Session expired

The server has moved on; the page needs a fresh start.